 Dungeon Crawl Stone Soup version 0.28.0-53-g5a82cb258f (webtiles) character file.

Game seed: 7734538984520088662

82 DocClef the Shield-Bearer (level 4, -4/41 HPs)
             Began as a Gnoll Fighter on June 28, 2022.
             Was an Initiate of Hepliaklqana.
             Slain by a scorpion (7 damage)
             ... in the Ecumenical Temple.
             The game lasted 00:02:03 (2856 turns).

DocClef the Shield-Bearer (Gnoll Fighter)           Turns: 2856, Time: 00:02:04

Health: -4/41      AC:  7    Str: 17    XL:     4   Next: 43%
Magic:  5/5        EV:  9    Int:  7    God:    Hepliaklqana [......]
Gold:   142        SH:  5    Dex: 12    Spells: 5/5 levels left

rFire   . . .      SeeInvis .   a - +0 flail
rCold   . . .      Faith    .   c - +0 buckler
rNeg    + . .      Spirit   .   b - +0 scale mail
rPois   .          Reflect  .   (no helmet)
rElec   .          Harm     .   (no cloak)
rCorr   .          Rampage  .   (no gloves)
Will    .....                   (no boots)
Stlth   ..........              (no amulet)
HPRegen 0.13/turn               o - ring of positive energy
MPRegen 0.09/turn               (no ring)

@: lethally poisoned (-4 -> -6)
A: fangs 1, strong nose, distributed training
a: Renounce Religion


You were in the Ecumenical Temple.
You worshipped Hepliaklqana.
Hepliaklqana was noncommittal.
You visited 2 branches of the dungeon, and saw 5 of its levels.

You collected 142 gold pieces.

Inventory:

Hand Weapons
 a - a +0 flail (weapon)
Armour
 b - a +0 scale mail (worn)
 c - a +0 buckler (worn)
Jewellery
 o - a ring of positive energy (left hand)
Wands
 n - a wand of digging (6)
Scrolls
 e - a scroll of enchant weapon {unknown}
 f - a scroll of identify {unknown}
 j - a scroll of silence {unknown}
 m - a scroll of teleportation {unknown}
Potions
 d - a potion of might
 g - a potion of mutation {unknown}
 h - a potion of degeneration {unknown}
 i - 2 potions of brilliance {unknown}
 k - a potion of resistance {unknown}
 l - 2 potions of haste {unknown}
 p - a potion of flight {unknown}


   Skills:
 + Level 6.6 Fighting
 + Level 1.1 Short Blades
 + Level 1.1 Long Blades
 + Level 1.1 Axes
 + Level 4.6 Maces & Flails
 + Level 1.1 Polearms
 + Level 1.1 Staves
 + Level 1.1 Slings
 + Level 1.1 Bows
 + Level 1.1 Crossbows
 + Level 1.1 Throwing
 + Level 6.6 Armour
 + Level 1.1 Dodging
 + Level 1.1 Stealth
 + Level 6.6 Shields
 + Level 1.1 Unarmed Combat
 + Level 1.1 Spellcasting
 + Level 0.9 Conjurations
 + Level 0.9 Hexes
 + Level 0.9 Summonings
 + Level 0.9 Necromancy
 + Level 0.9 Translocations
 + Level 0.9 Transmutations
 + Level 0.9 Fire Magic
 + Level 0.9 Ice Magic
 + Level 0.9 Air Magic
 + Level 0.9 Earth Magic
 + Level 0.9 Poison Magic
 + Level 1.2 Invocations
 + Level 1.1 Evocations


You had 5 spell levels left.
You didn't know any spells.
Your spell library was empty.

Dungeon Overview and Level Annotations

Branches:
Dungeon (4/15)             Temple (1/1) D:4

Altars:
Ashenzari
Cheibriados
Dithmenos
Elyvilon
Fedhas
Gozag
Hepliaklqana
Kikubaaqudgha
Makhleb
Nemelex Xobeh
Okawaru
Qazlal
Ru
Sif Muna
Trog
Uskayaw
Vehumet
Wu Jian
Xom
Yredelemnul
Zin


Innate Abilities, Weirdness & Mutations

You have very sharp teeth.
Your uncanny sense of smell can sniff out nearby items.
Your experience applies equally to all skills.


Message History

You miss the kobold. Your bite misses the kobold.
You feel less confused. The kobold hits you but does no damage.
You hit the kobold.
The kobold is moderately wounded.
You block the kobold's attack.
You thump the kobold!
You kill the kobold!
Things that are here:
a +0 whip; a kobold corpse You start waiting.
Done waiting.
There is a staircase back to the Dungeon here.
You can't go down here!
You climb upwards.
Welcome back to the Dungeon!
The iguana bites you.
The orc wizard points at you and mumbles some strange words.
The puff of flame hits you! The scorpion stings you.
You are poisoned.
The scorpion poisons you!
The iguana bites you but does no damage.
There is a staircase to the Ecumenical Temple here.
You feel sick. The scorpion barely misses you.
The orc wizard hits you but does no damage.
The iguana barely misses you. The scorpion stings you.
You climb downwards.
Welcome back to the Ecumenical Temple!
You feel very sick.
There is a staircase back to the Dungeon here.
You hit the scorpion.
The scorpion is lightly wounded.
You feel sick.
The orc wizard hits you but does no damage.
The scorpion barely misses you.
The iguana bites you but does no damage.
Unknown command.
You barely miss the scorpion.
You feel sick. The scorpion stings you!
* * * LOW HITPOINT WARNING * * *
You block the orc wizard's attack. The iguana bites you.
* * * LOW HITPOINT WARNING * * *
The scorpion stings you!
You die...

♣♣♣♣♣♣♣♣♣♣
♣♣♣♣PPPP....♣♣♣♣♣
...PPPP...P.....♣♣♣♣♣
...................P♣♣♣
...♣........PP.l)..P..♣
........♣...PP..@.....♣
.......♣♣♣.....os♣...♣♣
P.........♣..P......♣♣
P.................♣♣♣
..♣...P.....P..♣♣♣♣
................♣
.P.............♣♣
....P....♣♣♣♣♣♣♣
.......♣♣♣


You could see a scorpion, an iguana and an orc wizard.

Vanquished Creatures
  2 adders
  An orc (D:3)
  5 endoplasms
  5 giant cockroaches
  5 goblins
  7 hobgoblins
  6 jackals
  7 ball pythons
  6 bats
  2 frilled lizards
  5 kobolds
  2 rats
53 creatures vanquished.

Notes
Turn   | Place    | Note
-------+----------+-------------------------------------------
     0 | D:1      | DocClef the Gnoll Fighter began the quest for the Orb.
     0 | D:1      | Reached XP level 1. HP: 23/23 MP: 1/1
   171 | D:1      | Reached XP level 2. HP: 26/29 MP: 2/2
   613 | D:1      | Reached XP level 3. HP: 35/35 MP: 3/3
   967 | D:2      | Found a faded altar of an unknown god.
  1239 | D:2      | Reached skill level 1 in Invocations
  1715 | D:3      | Reached skill level 1 in Short Blades
  1715 | D:3      | Reached skill level 1 in Long Blades
  1715 | D:3      | Reached skill level 1 in Axes
  1715 | D:3      | Reached skill level 1 in Polearms
  1715 | D:3      | Reached skill level 1 in Staves
  1715 | D:3      | Reached skill level 1 in Slings
  1715 | D:3      | Reached skill level 1 in Bows
  1715 | D:3      | Reached skill level 1 in Crossbows
  1715 | D:3      | Reached skill level 1 in Throwing
  1715 | D:3      | Reached skill level 1 in Dodging
  1715 | D:3      | Reached skill level 1 in Stealth
  1715 | D:3      | Reached skill level 1 in Unarmed Combat
  1715 | D:3      | Reached skill level 1 in Spellcasting
  1715 | D:3      | Reached skill level 1 in Evocations
  1715 | D:3      | Reached XP level 4. HP: 36/41 MP: 5/5
  2548 | D:4      | Found a staircase to the Ecumenical Temple.
  2567 | Temple   | Entered the Ecumenical Temple
  2693 | Temple   | Became a worshipper of Hepliaklqana the Forgotten
  2735 | D:4      | Noticed a scorpion
  2856 | Temple   | Slain by a scorpion

Illustrated notes

Levels and vault maps discovered:
D:1:      kennysheep_arrival_seaside, layout_loops_corners
D:2:      layout_loops_cross, ebering_ecumenical_altar_box
D:3:      layout_basic, kennysheep_crisscross
D:4:      layout_cave_pools, minmay_temple_entry_stoned_glass,
          hellmonk_ghost_happy_afterlife, minmay_diced_spiral
Temple:   kilobyte_greek_temple

Skill      XL: |  1  2  3 |
---------------+----------+-----
Invocations    | 1 |  1.2
Short Blades   | 1 |  1.1
Long Blades    | 1 |  1.1
Axes           | 1 |  1.1
Polearms       | 1 |  1.1
Staves         | 1 |  1.1
Slings         | 1 |  1.1
Bows           | 1 |  1.1
Crossbows      | 1 |  1.1
Throwing       | 1 |  1.1
Dodging        | 1 |  1.1
Stealth        | 1 |  1.1
Unarmed Combat | 1 |  1.1
Spellcasting   | 1 |  1.1
Evocations     | 1 |  1.1
Fighting       | |  6.6
Maces & Flails | |  4.6
Armour         | |  6.6
Shields        | |  6.6
Conjurations   | |  0.9
Hexes          | |  0.9
Summonings     | |  0.9
Necromancy     | |  0.9
Translocations | |  0.9
Transmutations | |  0.9
Fire Magic     | |  0.9
Ice Magic      | |  0.9
Air Magic      | |  0.9
Earth Magic    | |  0.9
Poison Magic   | |  0.9

Action                   |  1- 3 |  4- 6 || total
-------------------------+-------+-------++-------
Melee: Flail             |   126 |    43 ||   169
       Bite              |     7 |     2 ||     9
Armor: Scale mail        |    71 |    19 ||    90
Dodge: Dodged            |    71 |    25 ||    96
Block: Buckler           |    44 |    12 ||    56
